AoeStats
← agent zouzou

Arabia

503736189Analyzed
3v3 RM · 29d ago on Sep 2, 2026· 53m 36s· 6 players
Game mode
Random Map
Map size
Normal (6 player)
Population
200
Speed
Normal
Resources
Standard
Victory
Conquest
Starting age
Dark Age
Ending age
Imperial Age
RankedLock teamsTeams togetherTeam positionsShared explorationLock speedFull tech treeHidden civsTurbo modeCheats
Victory
Defeat
🇨🇦 Persians · Canada
1458
+2
🇨🇦 Britons · Canada
875
+20
🇨🇦 Vikings · Canada
822
+25
🇨🇱 Italians · Chile
1011
-14
🇲🇽 Magyars · Mexico
964
-12
🇻🇪 Mongols · Venezuela
931
-11
MOROCHO
6:15 Loom
10:53 Feudal Age
11:26 Double-Bit Axe
18:34 Wheelbarrow
22:52 Castle Age
22:06 Bloodlines
22:02 Scale Barding Armor
22:51 Gold Mining
23:41 Husbandry
31:17 Chain Barding Armor
30:22 Pikeman
33:46 Bow Saw
34:14 Gold Shaft Mining
33:21 Horse Collar
36:37 Chain Barding Armor
37:45 Hand Cart
45:54 Light Cavalry
ANTONIO JOSE DE SUCRE
6:59 Loom
9:29 Feudal Age
9:46 Man-at-Arms
21:32 Fletching
24:03 Forging
30:39 Castle Age
30:12 Horse Collar
31:28 Pikeman
32:45 Bloodlines
37:44 Town Watch
39:10 Scale Barding Armor
44:02 Imperial Age
42:46 Iron Casting
44:23 Heavy Camel Rider
48:02 Wheelbarrow
50:39 Chain Barding Armor
Shaggy
7:12 Loom
9:59 Feudal Age
10:48 Man-at-Arms
23:43 Castle Age
23:22 Double-Bit Axe
23:55 Crossbowman
24:41 Thumb Ring
24:46 Pikeman
26:04 Fletching
43:58 Light Cavalry
44:48 Bloodlines
45:22 Scale Barding Armor
johannesboivin
10:31 Feudal Age
11:39 Double-Bit Axe
11:47 Horse Collar
13:09 Man-at-Arms
19:46 Arson
23:55 Castle Age
21:42 Loom
25:28 Bow Saw
25:19 Heavy Plow
25:13 Long Swordsman
25:55 Squires
25:58 Scale Mail Armor
26:09 Forging
25:50 Fletching
27:47 Wheelbarrow
29:28 Gold Mining
29:29 Stone Mining
30:14 Bodkin Arrow
30:19 Padded Archer Armor
31:11 Elite Skirmisher
31:44 Arson
32:35 Hand Cart
36:51 Town Watch
38:12 Pikeman
41:57 Imperial Age
39:27 Town Patrol
40:42 Gambesons
41:28 Chain Mail Armor
42:27 Halberdier
43:34 Conscription
44:36 Gold Shaft Mining
46:20 Two-Man Saw
48:04 Yeomen
47:06 Elite Longbowman
47:43 Capped Ram
51:18 Bracer
51:34 Leather Archer Armor
51:55 Iron Casting
51:50 Plate Mail Armor
51:25 Scale Barding Armor
54:09 Ballistics
mini_mike
6:43 Loom
9:13 Feudal Age
10:05 Double-Bit Axe
10:01 Horse Collar
16:10 Forging
21:16 Castle Age
20:10 Bloodlines
20:28 Scale Barding Armor
21:08 Gold Mining
22:15 Chain Barding Armor
26:20 Husbandry
27:20 Iron Casting
32:03 Wheelbarrow
33:53 Heavy Plow
34:04 Bow Saw
35:01 Hand Cart
34:32 Town Watch
39:35 Imperial Age
39:22 Fletching
39:15 Cavalier
40:31 Plate Barding Armor
40:57 Blast Furnace
42:27 Savar
44:27 Town Patrol
45:25 Gold Shaft Mining
44:41 Stone Mining
45:52 Two-Man Saw
45:23 Crop Rotation
48:27 Bodkin Arrow
49:47 Ballistics
50:28 Chemistry
49:39 Masonry
49:43 Citadels
49:55 Conscription
51:09 Stone Shaft Mining
50:39 Padded Archer Armor
agent zouzou
10:42 Feudal Age
11:11 Double-Bit Axe
11:37 Horse Collar
12:30 Man-at-Arms
21:13 Horse Collar
24:12 Castle Age
23:11 Gold Mining
23:13 Stone Mining
25:03 Bow Saw
24:25 Crossbowman
26:02 Gold Shaft Mining
25:41 Scale Mail Armor
27:33 Elite Skirmisher
28:39 Forging
28:34 Pikeman
30:39 Chain Mail Armor
30:15 Fletching
30:25 Padded Archer Armor
30:17 Loom
33:48 Iron Casting
33:09 Bodkin Arrow
33:29 Leather Archer Armor
39:34 Chieftains
47:08 Imperial Age
47:16 Heavy Plow
48:54 Two-Man Saw
48:58 Blast Furnace
47:59 Bracer
48:30 Ring Archer Armor
48:30 Plate Mail Armor
47:22 Arbalester
49:20 Heated Shot
49:50 Ballistics
49:11 Treadmill Crane
49:41 Masonry
49:41 Careening
50:09 Crop Rotation
51:25 Conscription
50:26 Elite Berserk
Connection lost

Rejoining the realm…

Still unreachable

The connection could not be restored.

Session expired

The server has moved on; the page needs a fresh start.